 Dungeon Crawl Stone Soup version 0.28.0-47-ge53b351184 (webtiles) character file.

Game seed: 10078100524838257590

35 Bruhh the Magician (level 3, -8/25 HPs)
             Began as a Djinni Fire Elementalist on Apr 30, 2022.
             Killed by an exploding bullfrog (18 damage)
             ... ignited by their inner flame
             ... on level 3 of the Dungeon.
             The game lasted 00:03:51 (2068 turns).

Bruhh the Magician (Djinni Fire Elementalist)       Turns: 2068, Time: 00:03:53

Health: -8/25      AC:  2    Str:  7    XL:     3   Next: 52%
Gold:   37         EV: 12    Int: 18    God:
                   SH:  0    Dex: 13

rFire   + + .      SeeInvis .   c - +2 dagger (venom)
rCold   x . .      Faith    .   (no shield)
rNeg    . . .      Spirit   .   a - +0 robe
rPois   ∞          Reflect  .   (no helmet)
rElec   .          Harm     .   (no cloak)
rCorr   .          Rampage  .   (no gloves)
Will    .....                   (boots unavailable)
Stlth   ++........              (no amulet)
HPRegen 0.08/turn               (no ring)
MPRegen 0.00/turn               (no ring)

@: flying
A: sickness immunity, fire resistance 2, cold vulnerability 1, float, innate
caster, HP casting, extra vitality 1
a: no special abilities


You were on level 3 of the Dungeon.
You visited 1 branch of the dungeon, and saw 3 of its levels.

You collected 37 gold pieces.

Inventory:

Hand Weapons
 c - a +2 dagger of venom (weapon)
Armour
 a - a +0 robe (worn)
Scrolls
 b - a scroll of enchant armour {unknown}
 d - a scroll of silence {unknown}
 j - a scroll of magic mapping {unknown}
 m - a scroll of fear {unknown}
Potions
 e - a potion of lignification {unknown}
 f - a potion of attraction {unknown}
 g - a potion of curing {unknown}
 h - a potion of degeneration {unknown}
 i - a potion of invisibility {unknown}
 k - a potion of heal wounds {unknown}
 l - a potion of haste {unknown}


   Skills:
 - Level 2.1 Dodging
 - Level 1.5 Stealth
 + Level 3.4 Spellcasting


You couldn't memorise any spells.
You knew the following spells:

 Your Spells              Type           Power      Damage    Failure   Level
a - Foxfire               Conj/Fire      60%        2x1d7     3%          1
b - Scorch                Fire           30%        2d6       6%          2
c - Conjure Flame         Conj/Fire      15%        6-21      12%         3
d - Inner Flame           Hex/Fire       15%        N/A       12%         3
e - Flame Wave            Conj/Fire      15%        2d6       36%         4
f - Sting                 Tmut/Pois      60%        1d6       3%          1
Your spell library was empty.

Dungeon Overview and Level Annotations

Branches:
Dungeon (3/15)

Altars:
Xom


Innate Abilities, Weirdness & Mutations

You are immune to sickness and miasma.
You are immune to poison.
Your flesh is very heat resistant. (rF++)
You are vulnerable to cold. (rC-)
You float through the air rather than walking.
You learn spells naturally, not from books.
Your magical power is your life essence.
You have superior vitality. (+4 MHP)


Message History

You don't know that spell.
Unknown command.
Press: ? - help, . - travel You can't see that place. [a rock wall.]
There is an open door here.
There is a stone staircase leading down here.
You fly downwards.
There is a stone staircase leading up here.
A bullfrog comes into view.
Found a ring mail.
Found a stone staircase leading down.
A bullfrog is nearby!
A bullfrog is nearby!
A bullfrog is nearby!
A bullfrog is nearby!
A bat comes into view.
Casting: Scorch (safe; 6% risk of failure)
Confirm with . or Enter, or press ? or * to list all spells.
The spell is quite dangerous to miscast (12% risk of failure)!
Continue anyway?
Aiming: Inner Flame (quite dangerous; 12% risk of failure)
Press: ? - help, Dir - move target, f - bullfrog
Aim: a bullfrog (asleep, chance to affect: 69%)
The bullfrog is filled with an inner flame.
Flames lash the bullfrog.
Flame seeps out of the bullfrog.
The bullfrog is moderately wounded.
The bullfrog's fire resistance burns away.
The bullfrog is engulfed in blazing flames.
Flame seeps out of the bullfrog.
Flames lash the bat.
You kill the bat!
The bullfrog hits you. The bullfrog barely misses you.
You are too injured to fight recklessly!
You are too injured to fight recklessly!
Casting: Scorch (safe; 6% risk of failure)
Confirm with . or Enter, or press ? or * to list all spells.
Flames lash the bullfrog.
The bullfrog is burned terribly!
The bullfrog explodes!
The fiery explosion engulfs you!! You resist.
Ouch! That really hurt!
You die...

##########+###+#
.........?......
#.............
#...§@........
#...§§§.......
#...§#....$...
###....+..^.....
#......#........
#.#.#+##........
# #.# #[.......
#.# #......>.
#.# #######+#


There were no monsters in sight!

Vanquished Creatures
  A bullfrog (D:3)
  A gnoll (D:1)
  A worm (D:2)
  A dart slug (D:1)
  A giant cockroach (D:1)
  6 goblins
  A hobgoblin (D:1)
  A quokka (D:1)
  4 ball pythons
  A bat (D:3)
  A frilled lizard (D:1)
  2 kobolds (D:2)
21 creatures vanquished.

Vanquished Creatures (others)
  35 foxfires (D:1)
35 creatures vanquished.

Grand Total: 56 creatures vanquished

Notes
Turn   | Place    | Note
-------+----------+-------------------------------------------
     0 | D:1      | Bruhh the Djinni Fire Elementalist began the quest for the
                  | Orb.
     0 | D:1      | Reached XP level 1. HP: 15/15 MP: 0/0
   579 | D:1      | Reached XP level 2. HP: 15/21 MP: 0/0
  1018 | D:1      | Reached skill level 3 in Spellcasting
  1060 | D:1      | Reached XP level 3. HP: 21/25 MP: 0/0
  1060 | D:1      | Learned a level 1 spell: Sting
  1740 | D:2      | Found a shimmering altar of Xom.
  2062 | D:3      | Noticed a bullfrog
  2068 | D:3      | Killed a bullfrog
  2068 | D:3      | Killed by an exploding bullfrog... ignited by their inner
                  | flame

Illustrated notes

Levels and vault maps discovered:
D:1:      lemuel_arrival_funnel, layout_loops_ring
D:2:      layout_basic, basic_altar, hangedman_decor_opposing
D:3:      layout_basic, ebering_ecumenical_altar_mist, guppyfry_early_orc_mine

Skill      XL: |  1  2 |
---------------+-------+-----
Spellcasting   | 3 |  3.4
Dodging        | |  2.1
Stealth        | |  1.5

Action                   || total
-------------------------++-------
Melee: Dagger            ||     2
 Cast: Foxfire           ||    25
       Scorch            ||    21
       Inner Flame       ||     1
Armor: Robe              ||     2
Dodge: Dodged            ||     5
